 Dungeon Crawl Stone Soup version 0.27.0-1-g7a089689b8 (webtiles) character file.

Game seed: 17674815103956446544

106 Descartes the Sneak (level 4, -2/21 HPs)
             Began as a Spriggan Enchanter on Aug 10, 2021.
             Slain by a jackal (3 damage)
             ... on level 3 of the Dungeon.
             The game lasted 00:04:07 (3507 turns).

Descartes the Sneak (Spriggan Enchanter)            Turns: 3507, Time: 00:04:08

Health: -2/21      AC:  2    Str:  5    XL:     4   Next: 55%
Magic:  9/9        EV: 18    Int: 16    God:
Gold:   85         SH:  0    Dex: 15    Spells: 7/8 levels left

rFire    . . .     SeeInvis +   a - +1 dagger
rCold    . . .     Faith    .   (shield restricted)
rNeg     . . .     Spirit   .   d - +0 robe
rPois    .         Reflect  .   (helmet restricted)
rElec    .         Harm     .   (no cloak)
rCorr    .         Rampage  .   (gloves unavailable)
Will     .....                  (boots unavailable)
Stlth    +++.......             (no amulet)
HPRegen  0.07/turn              (no ring)
MPRegen  0.11/turn              (no ring)

@: brilliant, lethally poisoned (-2 -> -3), very quick
A: very small, no large weapons, unfitting armour, see invisible, speed 3
a: no special abilities


You were on level 3 of the Dungeon.
You visited 1 branch of the dungeon, and saw 3 of its levels.

You collected 85 gold pieces.

Inventory:

Hand Weapons
 a - a +1 dagger (weapon)
 b - a +0 hunting sling
Missiles
 g - 30 stones
 h - 90 arrows
 l - 24 sling bullets
 m - 19 bolts
Armour
 d - a +0 robe (worn)
Scrolls
 c - a scroll of brand weapon {unknown}
 f - 2 scrolls of teleportation {unknown}
 j - a scroll of noise {unknown}
 k - 2 scrolls of blinking {unknown}
 n - a scroll of holy word {unknown}
 o - a scroll of amnesia {unknown}
 p - a scroll of enchant weapon {unknown}
 q - a scroll of identify {unknown}


   Skills:
 + Level 2.8 Short Blades
 + Level 4.3 Dodging
 + Level 6.0 Stealth
 - Level 2.6 Spellcasting
 - Level 3.6 Hexes


You had 7 spell levels left.
You knew the following spells:

 Your Spells              Type           Power      Damage    Failure   Level
a - Corona                Hex            22%        N/A       4%          1

Your spell library contained the following spells:

 Spells                   Type           Power      Damage    Failure   Level
 Confusing Touch          Hex            20%        N/A       13%         3
 Tukima's Dance           Hex            20%        N/A       13%         3
 Ensorcelled Hibernation  Hex/Ice        22%        N/A       14%         2
 Dazzling Flash           Conj/Hex       22%        N/A       28%         3


Dungeon Overview and Level Annotations

Branches:
Dungeon (3/15)

Altars:


Innate Abilities, Weirdness & Mutations

You are very small and have problems with some larger weapons.
You are too small for most types of armour.
You have supernaturally acute eyesight. (SInv)
You cover ground extremely quickly. (Speed+++)


Message History

It was a potion of brilliance.
You feel clever all of a sudden.
* * * LOW HITPOINT WARNING * * *
You feel sick. The jackal completely misses you.
The adder completely misses you.
It was a potion of heal wounds.
You feel much better.
You feel sick. The jackal completely misses you. The adder barely misses you.
The jackal completely misses you.
You hit the adder.
The adder is severely wounded.
You feel sick. The adder bites you. The jackal bites you.
You hit the adder.
The adder is severely wounded.
The adder bites you.
You are more poisoned.
The adder poisons you! The jackal closely misses you.
The adder completely misses you.
You hit the adder.
You kill the adder!
You feel very sick. The jackal barely misses you.
Your Stealth skill increases to level 6!
You hit the jackal but do no damage.
You feel sick. The jackal closely misses you. x2
You hit the jackal but do no damage.
You feel sick. The jackal barely misses you. The jackal misses you.
The jackal barely misses you. The jackal bites you.
You hit the jackal but do no damage.
You feel sick. The jackal barely misses you. The jackal misses you.
You hit the jackal but do no damage.
You feel sick. The jackal misses you. The jackal closely misses you.
You hit the jackal.
The jackal is moderately wounded.
You feel sick. The jackal barely misses you. The jackal closely misses you.
You hit the jackal but do no damage.
The jackal is moderately wounded.
You feel sick. The jackal barely misses you. The jackal bites you.
* * * LOW HITPOINT WARNING * * *
The jackal bites you.
You die...

.............#
######.###### #.#
#.# #.# #.# #.#
##.####### #.#
#.........###.#
#.#.####h..##.#
#.##.#.###@###.#.#
#....h..#h## ##..#
#.w....w# #..#
#..####.# #.##
.... ##.# .## ####
#...# #.# #.# . #


You could see a dart slug and 2 jackals.

Vanquished Creatures
  3 adders
  7 dart slugs
  6 ball pythons
  3 endoplasms
  5 giant cockroaches
  4 goblins
  2 hobgoblins (D:1)
  11 jackals
  4 kobolds
  4 quokkas
  3 bats
  4 frilled lizards
  4 rats
60 creatures vanquished.

Vanquished Creatures (others)
  7 fungi (D:3)
  3 plants (D:3)
10 creatures vanquished.

Grand Total: 70 creatures vanquished

Notes
Turn   | Place    | Note
-------+----------+-------------------------------------------
     0 | D:1      | Descartes the Spriggan Enchanter began the quest for the
                  | Orb.
     0 | D:1      | Reached XP level 1. HP: 9/9 MP: 5/5
   189 | D:1      | Reached XP level 2. HP: 13/13 MP: 6/6
   432 | D:1      | Reached skill level 5 in Stealth
  1445 | D:1      | Reached XP level 3. HP: 16/16 MP: 8/8
  2336 | D:2      | Reached XP level 4. HP: 13/21 MP: 9/9
  3502 | D:3      | Reached skill level 6 in Stealth
  3507 | D:3      | HP: 1/21 [jackal (2)]
  3507 | D:3      | Slain by a jackal

Illustrated notes

Levels and vault maps discovered:
D:1:      dpeg_arrival_ternary, layout_loops_ring, minmay_surrounded
D:2:      layout_loops_cross, supply_closet_lemuel, grunt_decor_clamped
D:3:      layout_loops_ring, shapermc_ecumenical_altar_hornbeckon

Skill      XL: |  1  2  3  4 |
---------------+-------------+-----
Dodging        | 3 4 |  4.3
Stealth        | 5 6 |  6.0
Short Blades   | 2 |  2.8
Spellcasting   | |  2.6
Hexes          | |  3.6

Action                   |  1- 3 |  4- 6 || total
-------------------------+-------+-------++-------
Melee: Dagger            |   220 |    85 ||   305
  Use: Potion            |       |     2 ||     2
 Stab: Sleeping          |    16 |     5 ||    21
Armor: Robe              |    18 |     6 ||    24
Dodge: Dodged            |   219 |    83 ||   302
